 Dungeon Crawl Stone Soup version 0.29.0-4-gdea44cf6ec (webtiles) character file.

Game seed: 8802651872099252061

1860 qw the Cleaver (level 8, -8/111 HPs)
             Began as a Minotaur Berserker on Sept 10, 2022.
             Was a Believer of Trog.
             Mangled by a soul eater (9 damage)
             ... on level 9 of the Dungeon.
             The game lasted 00:01:59 (6296 turns).

qw the Cleaver (Minotaur Berserker)                 Turns: 6296, Time: 00:02:00

Health: -8/111     AC:  9    Str: 29    XL:     8   Next: 89%
Magic:  7/7        EV:  9    Int:  4    God:    Trog [**....]
Gold:   216        SH:  0    Dex: 11    Spells: 7/7 levels left

rFire   . . .      SeeInvis .   m - +0 hand axe (vamp)
rCold   . . .      Faith    .   (no shield)
rNeg    . . .      Spirit   .   j - +0 chain mail
rPois   .          Reflect  .   (helmet restricted)
rElec   .          Harm     .   (no cloak)
rCorr   .          Rampage  .   (no gloves)
Will    .....                   (no boots)
Stlth   ..........              (no amulet)
HPRegen 0.28/turn               n - +6 ring of strength
MPRegen 0.10/turn               (no ring)

@: berserking (expiring), very quick
A: horns 2, retaliatory headbutt
a: Renounce Religion, Berserk, Trog's Hand


You were on level 9 of the Dungeon.
You worshipped Trog.
Trog was pleased with you.
You visited 1 branch of the dungeon, and saw 7 of its levels.

You collected 272 gold pieces.
You spent 56 gold pieces at shops.


Innate Abilities, Weirdness & Mutations

You have a pair of horns on your head.
You reflexively headbutt those who attack you in melee.


   Skills:
 - Level 8.0 Fighting
 - Level 12.1 Axes
 + Level 3.3 Armour
 - Level 2.1 Dodging


You had 7 spell levels left.
You didn't know any spells.
Your spell library was empty.

Inventory:

Hand Weapons
 m - a +0 vampiric hand axe (weapon)
 o - a +2 vorpal flail
Armour
 j - a +0 chain mail (worn)
Jewellery
 a - a ring of ice
 n - a +6 ring of strength (left hand)
Scrolls
 b - 2 scrolls of identify
 i - 2 scrolls of teleportation
Potions
 c - a potion of might
 d - a potion of haste
 e - 2 potions of curing
 h - a potion of mutation

Dungeon Overview and Level Annotations

Branches:
Dungeon (6/15)             Temple (0/1) D:5

Altars:
Elyvilon
Okawaru

Shops:
D:5 ?


Message History

You hit the sun demon.
The kobold demonologist mumbles some strange words.
You hit the kobold demonologist but do no damage.
The kobold demonologist is almost dead.
You hit the ice devil. You slash the sun demon! The sun demon hits you.
You are engulfed in flames!
The orange demon stings you but does no damage.
You slash the kobold demonologist!
You feel better.
You kill the kobold demonologist!
Trog accepts your kill.
Trog appreciates your killing of a magic user.
The ice devil disappears in a puff of smoke!
The sun demon disappears in a puff of smoke!
The orange demon disappears in a puff of smoke!
You feel your dexterity returning.
Your Fighting skill gained 2 levels and is now at level 8!
Found a wand of polymorph (5).
You feel a strong urge to attack something.
The soul eater barely misses you. You furiously retaliate!
You headbutt the soul eater, but do no damage.
You slash the soul eater!
The soul eater is lightly wounded.
You slash the soul eater!
The soul eater is moderately wounded.
You hit the soul eater.
You headbutt the soul eater, but do no damage.
The soul eater is moderately wounded.
The soul eater draws from the surrounding life force!
The soul eater is healed.
You closely miss the soul eater.
The soul eater is lightly wounded.
You hit the soul eater but do no damage.
The soul eater is lightly wounded.
The soul eater closely misses you.
You slash the soul eater!
The soul eater is lightly wounded.
You hit the soul eater but do no damage.
The soul eater is lightly wounded.
The soul eater draws from the surrounding life force!
You die...

../ .4..# ### ...##..
...... ....# #4.# ##3#
#@.# ##########.)####
###.......#......#
####.?...###....###.....
#.........7###...# ####
#.######7..77###.#
#7...77 ... #7...7##..#
7....7 ....


You could see a soul eater and a rust devil.

Vanquished Creatures
  A kobold demonologist (D:9)
  Grinder (D:4)
  Sigmund (D:4)
  Edmund (D:4)
  A water moccasin (D:5)
  An ogre (D:5)
  An ice beast (D:6)
  A scorpion (D:5)
  6 killer bees (D:6)
  A quasit (D:9)
  A hound (D:5)
  An orc priest (D:5)
  Ijyb (D:4)
  3 iguanas
  Natasha (twice) (D:4)
  5 orc wizards (D:5)
  Robin (D:3)
  5 gnolls (D:2)
  3 adders
  A shadow imp (D:5)
  An ufetubus (D:5)
  9 orcs
  2 bats
  8 endoplasms
  A giant cockroach (D:3)
  16 hobgoblins
  3 jackals (D:3)
  7 kobolds
  3 quokkas
  4 ball pythons
  2 frilled lizards
  12 goblins
  6 rats
112 creatures vanquished.

Vanquished Creatures (others)
  A demonic plant (D:9)
1 creature vanquished.

Grand Total: 113 creatures vanquished

Notes
Turn   | Place    | Note
-------+----------+-------------------------------------------
     0 | D:1      | qw the Minotaur Berserker began the quest for the Orb.
     0 | D:1      | Reached XP level 1. HP: 19/19 MP: 0/0
     0 | D:1      | 0 ||| qw: Version: 0.1-a-116-g5d60599
     0 | D:1      | 0 ||| qw: Game counter: 7501
     0 | D:1      | 0 ||| qw: Always use a shield: true
     0 | D:1      | 0 ||| qw: Do Orc after D:15 true
     0 | D:1      | 0 ||| qw: Do second Lair branch before Depths: true
     0 | D:1      | 0 ||| qw: Lair rune preference: random
     0 | D:1      | 0 ||| qw: Plans: Normal
     0 | D:1      | 0 ||| PLANNING D:1-11
   103 | D:1      | Reached skill level 4 in Axes
   284 | D:1      | 284 ||| Stepping ~*~*~tactically~*~*~ (stealth).
   288 | D:1      | Reached XP level 2. HP: 25/26 MP: 1/1
   290 | D:1      | 290 ||| Stepping ~*~*~tactically~*~*~ (stealth).
   348 | D:1      | 348 ||| Stepping ~*~*~tactically~*~*~ (stealth).
   349 | D:1      | 349 ||| Stepping ~*~*~tactically~*~*~ (stealth).
   351 | D:1      | 351 ||| Stepping ~*~*~tactically~*~*~ (stealth).
   352 | D:1      | 352 ||| Stepping ~*~*~tactically~*~*~ (stealth).
   407 | D:1      | 407 ||| Stepping ~*~*~tactically~*~*~ (stealth).
   428 | D:1      | 428 ||| Stepping ~*~*~tactically~*~*~ (stealth).
   439 | D:1      | 439 ||| Stepping ~*~*~tactically~*~*~ (stealth).
   456 | D:1      | 456 ||| Stepping ~*~*~tactically~*~*~ (stealth).
   463 | D:1      | 463 ||| Stepping ~*~*~tactically~*~*~ (stealth).
   464 | D:1      | 464 ||| Stepping ~*~*~tactically~*~*~ (stealth).
   513 | D:1      | 513 ||| Stepping ~*~*~tactically~*~*~ (stealth).
   736 | D:1      | Found a faded altar of an unknown god.
   808 | D:1      | 808 ||| UPGRADING to +0 ring mail.
   818 | D:1      | 818 ||| DROPPING +0 animal skin.
   819 | D:1      | 819 ||| READING scroll labelled ASYHEAFERE.
   820 | D:1      | 820 ||| READING scroll labelled HUNGOUNGALIY.
   821 | D:1      | 821 ||| READING 2 scrolls labelled XAISOK LOEGH.
   825 | D:1      | 825 ||| READING scroll labelled GOTTAU VETRIO.
  1210 | D:2      | Reached skill level 5 in Axes
  1246 | D:2      | 1246 ||| INVOKING Berserk.
  1249 | D:2      | Reached XP level 3. HP: 31/31 MP: 2/2
  1424 | D:2      | 1424 ||| Stepping ~*~*~tactically~*~*~ (stealth).
  1426 | D:2      | 1426 ||| INVOKING Berserk.
  1433 | D:2      | Reached XP level 4. HP: 39/39 MP: 3/3
  1434 | D:2      | Reached ** piety under Trog
  1435 | D:2      | Reached skill level 6 in Axes
  1650 | D:2      | 1650 ||| READING scroll labelled FOIKUG WOES.
  1651 | D:2      | 1651 ||| READING 2 scrolls labelled YRRIKE IPNOBB.
  1652 | D:2      | 1652 ||| READING scroll labelled GURCHU IVYB NUFU.
  1653 | D:2      | 1653 ||| READING scroll labelled ZUIZXA ITOM.
  1654 | D:2      | 1654 ||| READING scroll labelled SITSOLAECS.
  1655 | D:2      | 1655 ||| DRINKING 2 purple potions.
  1656 | D:2      | 1656 ||| DRINKING 2 glowing pink potions.
  1657 | D:2      | 1657 ||| READING scroll of teleportation.
  1747 | D:3      | Noticed Robin
  1748 | D:3      | 1748 ||| Stepping ~*~*~tactically~*~*~ (hiding).
  1752 | D:3      | 1752 ||| INVOKING Berserk.
  1756 | D:3      | Killed Robin
  2354 | D:3      | 2354 ||| READING scroll labelled NASAOG XIRAPU.
  2355 | D:3      | 2355 ||| READING scroll labelled OTAL SYUFO.
  2456 | D:3      | 2456 ||| DRINKING 2 bubbling pink potions.
  2457 | D:3      | 2457 ||| READING 2 scrolls of identify.
  2457 | D:3      | 2457 ||| IDENTIFYING bubbling clear potion
  2458 | D:3      | 2458 ||| DROPPING potion of brilliance.
  2536 | D:4      | Noticed Grinder
  2537 | D:4      | 2537 ||| INVOKING Trog's Hand.
  2538 | D:4      | 2538 ||| INVOKING Berserk.
  2542 | D:4      | Killed Grinder
  2543 | D:4      | Reached skill level 8 in Axes
  2543 | D:4      | Reached XP level 5. HP: 45/45 MP: 4/4
  2543 | D:4      | Reached XP level 6. HP: 51/51 MP: 5/5
  2710 | D:4      | Noticed Ijyb
  2712 | D:4      | 2712 ||| Stepping ~*~*~tactically~*~*~ (hiding).
  2713 | D:4      | 2713 ||| Stepping ~*~*~tactically~*~*~ (hiding).
  2716 | D:4      | 2716 ||| INVOKING Berserk.
  2725 | D:4      | Killed Ijyb
  2950 | D:4      | Noticed Sigmund
  2951 | D:4      | 2951 ||| Stepping ~*~*~tactically~*~*~ (hiding).
  2955 | D:4      | 2955 ||| Stepping ~*~*~tactically~*~*~ (hiding).
  2957 | D:4      | 2957 ||| INVOKING Berserk.
  2970 | D:4      | HP: 11/52 [something (6)]
  2971 | D:4      | 2971 ||| DRINKING potion of heal wounds.
  2978 | D:4      | HP: 2/52 [something/puff of flame (12)]
  2979 | D:4      | 2979 ||| READING 2 scrolls of teleportation.
  3070 | D:4      | 3070 ||| Invisible monster not found???
  3373 | D:4      | Noticed Natasha
  3376 | D:4      | 3376 ||| INVOKING Berserk.
  3378 | D:4      | Killed Natasha
  3609 | D:4      | 3609 ||| INVOKING Berserk.
  3616 | D:4      | Killed Sigmund
  3617 | D:4      | Reached skill level 9 in Axes
  3617 | D:4      | Reached XP level 7. HP: 57/59 MP: 6/6
  3935 | D:4      | Noticed Edmund
  3936 | D:4      | 3936 ||| INVOKING Berserk.
  3942 | D:4      | Killed Edmund
  3962 | D:4      | Noticed Natasha
  3963 | D:4      | 3963 ||| Stepping ~*~*~tactically~*~*~ (stealth).
  3966 | D:4      | 3966 ||| Stepping ~*~*~tactically~*~*~ (stealth).
  4005 | D:4      | 4005 ||| INVOKING Berserk.
  4008 | D:4      | Killed Natasha
  4115 | D:4      | 4115 ||| DROPPING +0 mace.
  4130 | D:4      | 4130 ||| Stepping ~*~*~tactically~*~*~ (stealth).
  4263 | D:4      | 4263 ||| UPGRADING to +0 chain mail.
  4273 | D:4      | 4273 ||| DROPPING +0 ring mail.
  4274 | D:4      | 4274 ||| UPGRADING to +6 ring of strength.
  4275 | D:4      | 4275 ||| READING scroll labelled CAR INEHO.
  4276 | D:4      | 4276 ||| DRINKING 3 bubbling yellow potions.
  4306 | D:4      | 4306 ||| READING 4 scrolls of identify.
  4306 | D:4      | 4306 ||| IDENTIFYING inky potion
  4307 | D:4      | 4307 ||| READING 3 scrolls of identify.
  4307 | D:4      | 4307 ||| IDENTIFYING fizzy cyan potion
  4308 | D:4      | 4308 ||| READING 2 scrolls of identify.
  4308 | D:4      | 4308 ||| IDENTIFYING black potion
  4309 | D:4      | 4309 ||| DROPPING 2 potions of lignification.
  4310 | D:4      | 4310 ||| DROPPING potion of degeneration.
  4311 | D:4      | 4311 ||| DROPPING potion of flight.
  4345 | D:5      | Entered Level 5 of the Dungeon
  4365 | D:5      | Reached skill level 3 in Armour
  4397 | D:5      | Reached skill level 10 in Axes
  4416 | D:5      | 4416 ||| DRINKING potion of curing.
  4416 | D:5      | 4416 ||| (to cure confusion)
  4538 | D:5      | Found Lujovi's Magic Scroll Shoppe.
  4546 | D:5      | 4546 ||| BUYING scroll of identify (28 gold).
  4546 | D:5      | Bought a scroll of identify for 28 gold pieces
  4546 | D:5      | 4546 ||| BUYING scroll of identify (28 gold).
  4546 | D:5      | Bought a scroll of identify for 28 gold pieces
  4571 | D:5      | 4571 ||| INVOKING Berserk.
  4575 | D:5      | Reached skill level 6 in Fighting
  5023 | D:5      | 5023 ||| INVOKING Berserk.
  5025 | D:5      | Reached XP level 8. HP: 70/70 MP: 7/7
  5310 | D:5      | Found a staircase to the Ecumenical Temple.
  5441 | D:5      | Reached skill level 11 in Axes
  5555 | D:5      | Found an iron altar of Okawaru.
  5565 | D:5      | 5565 ||| FLEEEEING.
  5566 | D:5      | 5566 ||| FLEEEEING.
  5567 | D:5      | 5567 ||| FLEEEEING.
  5821 | D:5      | 5821 ||| READING scroll labelled MUUVVU UC TOV.
  5822 | D:5      | 5822 ||| READING 3 scrolls of identify.
  5822 | D:5      | 5822 ||| IDENTIFYING smoky white potion
  6005 | D:6      | Reached skill level 12 in Axes
  6237 | D:6      | You fall into a shaft and drop 3 floors!
  6245 | D:9      | Found a white marble altar of Elyvilon.
  6268 | D:9      | Noticed a kobold demonologist
  6272 | D:9      | Noticed a rust devil
  6273 | D:9      | 6273 ||| Stepping ~*~*~tactically~*~*~ (stealth).
  6275 | D:9      | Noticed a sun demon
  6277 | D:9      | Noticed an orange demon
  6279 | D:9      | Noticed a soul eater
  6280 | D:9      | 6280 ||| INVOKING Berserk.
  6283 | D:9      | HP: 25/106 [kobold demonologist/+0 dagger (4)]
  6286 | D:9      | Noticed an ice devil
  6286 | D:9      | HP: 10/106 [sun demon[a kobold demonologist] (12)]
  6287 | D:9      | Killed a kobold demonologist
  6292 | D:9      | HP: 1/111 [soul eater (18)]
  6296 | D:9      | Mangled by a soul eater

Levels and vault maps discovered:
D:1:      evilmike_arrival_fibonacci_small, layout_basic,
          dreamdust_ecumenical_altar_angels_and_demons, lemuel_another_geyser
D:2:      layout_loops_ring, kennysheep_generic_room_14
D:3:      layout_loops_ring, minivault_19, nrook_uturn, uniq_robin
D:4:      kennysheep_six_static_rooms, layout_basic, uniq_natasha, uniq_sigmund,
          uniq_ijyb, uniq_edmund, uniq_grinder
D:5:      layout_loops_corners, kennysheep_okawaru_gauntlet,
          minmay_temple_entry_butterflies, serial_shops, shop, serial_rivers,
          chequers_serial_rivers_micro_d, chequers_serial_rivers_small_a,
          chequers_serial_rivers_micro_d, chequers_serial_rivers_room_b,
          chequers_serial_rivers_large_a, chequers_serial_rivers_room_a
D:6:      layout_cave_pools, nicolae_vehumet_radiance
D:9:      layout_rooms, kennysheep_ying_yang, dpeg_lair_monsters,
          zombieorc2_lemuel, serial_demonic, serial_demonic_a, serial_demonic_g,
          serial_demonic_f, serial_demonic_c, serial_demonic_f,
          serial_demonic_b, serial_demonic_d, serial_demonic_e,
          serial_demonic_a, serial_demonic_g, nzn_sisyphean_effort

Skill      XL: |  1  2  3  4  5  6  7  8 |
---------------+-------------------------+-----
Axes           | 4 5 8 9 10 12 | 12.1
Fighting       | 4 6 8 |  8.0
Armour         | 3 |  3.3
Dodging        | |  2.1

Action                   |  1- 3 |  4- 6 |  7- 9 || total
-------------------------+-------+-------+-------++-------
Melee: Hand axe          |    53 |    89 |   153 ||   295
       Headbutt          |     7 |     9 |    19 ||    35
Invok: Berserk           |     2 |     6 |     5 ||    13
       Trog's Hand       |       |     1 |       ||     1
  Use: Scroll            |     4 |    10 |     6 ||    20
       Potion            |       |     4 |     2 ||     6
Armor: Animal skin       |     1 |       |       ||     1
       Ring mail         |     4 |    15 |     6 ||    25
       Chain mail        |       |       |    67 ||    67
Dodge: Dodged            |    24 |    35 |    57 ||   116

Table legend:
 A = Non-vault XP
 B = Vault XP
 C = Vault XP percentage of total XP
 D = Non-vault monster count
 E = Vault monster count
 F = Vault count percentage of total count
                 A         B        C        D         E       F
            +---------+---------+-------+---------+---------+-------
      Total |    1782 |     876 |  33.0 |      86 |      26 |  23.2
            +---------+---------+-------+---------+---------+-------
        D:1 |      25 |       0 |   0.0 |      14 |       0 |   0.0
        D:2 |      70 |      17 |  19.5 |      15 |       2 |  11.8
        D:3 |      31 |      38 |  55.1 |      11 |      12 |  52.2
        D:4 |      74 |     776 |  91.3 |      15 |      11 |  42.3
        D:5 |     697 |       0 |   0.0 |      22 |       0 |   0.0
        D:6 |     527 |       0 |   0.0 |       8 |       0 |   0.0
        D:9 |     358 |      45 |  11.2 |       1 |       1 |  50.0
            +---------+---------+-------+---------+---------+-------
